 Dungeon Crawl Stone Soup version 0.31-a0-233-g139696dc86 (webtiles) character file.

Game seed: 3191081058153536064

167 nono the Sneak (level 5, 0/43 HPs)
             Began as a Formicid Delver on July 8, 2023.
             Was a Follower of Ru.
             Slain by an ogre
             ... wielding a +0 giant spiked club
              (22 damage)
             ... on level 4 of the Dungeon.
             The game lasted 00:13:40 (3364 turns).

nono the Sneak (Formicid Delver)                    Turns: 3364, Time: 00:13:41

Health: 0/43       AC:  6    Str: 19    XL:     5   Next: 76%
Magic:  5/5        EV: 11    Int:  9    God:    Ru [*.....]
Gold:   43         SH:  4    Dex: 15    Spells: 4/4 levels left

rFire   . . .        a - +0 hand axe
rCold   . . .        t - +0 buckler
rNeg    . . .        i - +0 ring mail
rPois   .            (helmet unavailable)
rElec   .            y - +0 cloak
rCorr   .            (no gloves)
SInv    +            (no boots)
Will    .....        (no amulet)
Stlth   +++          (no ring)
HPRegen 0.27/turn    (no ring)
MPRegen 0.09/turn

%: no passive effects
@: no status effects
A: permanent stasis, dig shafts and tunnels, antennae 3, no ice magic, no
necromancy magic, no transmutations magic, four strong arms
a: Dig, Shaft Self, Renounce Religion


You were on level 4 of the Dungeon.
You worshipped Ru.
Ru was aware of your devotion.
You visited 2 branches of the dungeon, and saw 7 of its levels.

You collected 151 gold pieces.
You spent 108 gold pieces at shops.

Inventory:

Hand Weapons
 a - a +0 hand axe (weapon)
Armour
 b - a +0 leather armour
 i - a +0 ring mail (worn)
 t - a +0 buckler (worn)
 y - a +0 cloak (worn)
Wands
 f - a wand of digging (3)
Scrolls
 c - a scroll of fog
 e - 2 scrolls of fear
 g - 4 scrolls of torment {unknown}
 j - a scroll of blinking {unknown}
 k - a scroll of teleportation {unknown}
 l - a scroll of poison {unknown}
 q - 5 scrolls of identify {unknown}
 v - a scroll of enchant armour {unknown}
Potions
 d - a potion of degeneration {unknown}
 h - 2 potions of lignification {unknown}
 m - a potion of attraction {unknown}
 n - 3 potions of berserk rage {unknown}
 o - a potion of cancellation {unknown}
 p - a potion of heal wounds {unknown}
 r - 3 potions of curing {unknown}
 s - a potion of resistance {unknown}
 u - a potion of magic {unknown}
 w - a potion of haste {unknown}
 x - a potion of enlightenment {unknown}


   Skills:
 + Level 4.5 Fighting
 + Level 3.3 Axes
 + Level 2.6 Armour
 - Level 1.8 Dodging
 - Level 6.0 Stealth
 + Level 1.8 Shields


You had 4 spell levels left.
You didn't know any spells.
Your spell library contained the following spells:

 Spells                   Type           Power      Damage    Failure   Level
 Static Discharge         Conj/Air       0%         2-2/arc   78%         2
 Airstrike                Air            0%         2d(0-16)  100%        4
 Summon Lightning Spire   Summ/Air       0%         N/A       100%        4


Dungeon Overview and Level Annotations

Branches:
Dungeon (6/15)             Temple (1/1) D:5

Altars:
Cheibriados
Elyvilon
Fedhas
Gozag
Hepliaklqana
Kikubaaqudgha
Makhleb
Nemelex Xobeh
Okawaru
Qazlal
Ru
Sif Muna
Trog
Uskayaw
Wu Jian
Xom
Zin
The Shining One

Shops:
D:3 [


Innate Abilities, Weirdness & Mutations

You cannot be hasted, slowed, berserked, paralysed or teleported.
You can dig through walls and to a lower floor.
You have a pair of large antennae on your head. (SInv)
You cannot study or cast Ice magic.
You cannot study or cast Necromancy magic.
You cannot study or cast Transmutations magic.
Your four strong arms can wield two-handed weapons with a shield.


Message History

There is a stone staircase leading up here.
There is a stone staircase leading down here.
r - 3 silvery potions (gained 1) Done exploring.
Done exploring.
Search for what [Enter for "axe", or ? for help]? shop
There is an entrance to Kinu's Armour Boutique here.
y - a +0 cloak Thank you for shopping at Kinu's Armour Boutique!
You start putting on your armour.
You continue putting on your +0 cloak. x4
You finish putting on your +0 cloak.
Done exploring.
There is a stone staircase leading down here.
You climb downwards.
Found 3 atropa-tipped darts.
There is a stone staircase leading up here.
Okay, then.
Okay, then.
Okay, then.
Found a white marble altar of Elyvilon.
The helpless ogre fails to defend itself.
You slash the ogre!
The ogre is moderately wounded.
The ogre hits you with a +0 giant spiked club.
You hit the ogre.
The ogre is moderately wounded.
The ogre closely misses you.
You hit the ogre.
The ogre is heavily wounded.
The ogre hits you with a +0 giant spiked club!!
You barely miss the ogre.
The ogre is heavily wounded.
You slash the ogre!
The ogre is severely wounded.
The ogre closely misses you.
You hit the ogre.
The ogre is almost dead.
The ogre hits you with a +0 giant spiked club!!
Ouch! That really hurt!
You die...

*,,,,,,*** *,* *,,,* *,, *,,,,,,*
*,* *,,,* *,*
*,,,,,,***********,* *,,,* *,*
****,,,,,,,,,,,,,,,* *,,,* *,*
**********##########,,,*****,*
*************#........#,,,+,,,,,*
,,,,,,,,,,,,*#.......#*,******,,*
,,,,,,,,,,,,*#..O...#*,,,** *,,,
,,,,,,,,,,,,,#(.@..#*,,,,,****+**
,,,,,,,,,,,,,#.....#...,,,,*,,,,,
,,,,,,,,,,,,,+.<......._,,,,,,,,,
,,,,,,,,,,,,,#.....#....,,,*,,,,,
,,,,,,,,,,,,,#.....#*...,,***,,**
,,,,,,,,,,,,,#......#*..,**,,,,**
,,,,,,,,,,,,,#.......#*.*****,,,,
,,,,,,,,,,,,,.......##*,*,* *,,,*
*****,,,,,**######### *,,,***,,,*


You could see an ogre.

Vanquished Creatures
  A hound (D:3)
  An orc wizard (D:3)
  3 adders (D:2)
  3 dart slugs
  4 orcs
  7 ball pythons
  3 endoplasms
  4 giant cockroaches
  13 goblins
  3 hobgoblins
  11 jackals
  2 quokkas
  2 bats
  5 frilled lizards
  9 kobolds
  2 rats
73 creatures vanquished.

Notes
Turn   | Place    | Note
-------+----------+-------------------------------------------
     0 | D:5      | nono the Formicid Delver began the quest for the Orb.
     0 | D:5      | Reached XP level 1. HP: 18/18 MP: 1/1
     6 | D:6      | Found a glowing silver altar of Zin.
    19 | D:6      | Noticed an orc priest
    22 | D:6      | Noticed an ogre
    72 | D:5      | Found an iron altar of Okawaru.
   104 | D:5      | Found a staircase to the Ecumenical Temple.
   112 | Temple   | Entered the Ecumenical Temple
   434 | Temple   | Became a worshipper of Ru the Awakened
   533 | D:5      | Noticed a sleepcap
   799 | D:3      | Reached XP level 2. HP: 24/24 MP: 2/2
   833 | D:3      | Reached skill level 1 in Armour
   833 | D:3      | Reached XP level 3. HP: 21/30 MP: 3/3
   944 | D:3      | Found Kinu's Armour Boutique.
  1026 | D:1      | Reached XP level 4. HP: 27/37 MP: 4/4
  1118 | D:1      | Gained mutation: You cannot study or cast Ice magic. [Ru
                  | sacrifice]
  1118 | D:1      | Gained mutation: You cannot study or cast Transmutations
                  | magic. [Ru sacrifice]
  1118 | D:1      | Gained mutation: You cannot study or cast Necromancy magic.
                  | [Ru sacrifice]
  1118 | D:1      | Reached * piety under Ru
  1780 | D:1      | Found a faded altar of an unknown god.
  1983 | D:3      | Bought a +0 buckler for 54 gold pieces
  2174 | D:2      | Reached XP level 5. HP: 39/42 MP: 5/5
  2242 | D:2      | Reached skill level 1 in Shields
  2610 | D:3      | Found an opulent altar of Gozag.
  2935 | D:3      | Found a bloodstained altar of Trog.
  3346 | D:3      | Bought a +0 cloak for 54 gold pieces
  3356 | D:4      | Noticed an ogre
  3357 | D:4      | Found a white marble altar of Elyvilon.
  3364 | D:4      | Slain by an ogre

Illustrated notes

Levels and vault maps discovered:
D:1:      scummos_arrival_hexagon, layout_basic, ebering_ecumenical_altar_box,
          st_stairs_11
D:2:      layout_rooms, minmay_pentomino_t4
D:3:      layout_loops_ring, mainiacjoe_overflow_24_doors,
          grunt_gozag_breadcrumbs, serial_shops, nicolae_shop_advertising_works
          [nicolae_subvault_shop_adworks], minmay_statues_item,
          nicolae_eternal_life
D:4:      layout_basic, lemuel_round_altar, kennysheep_flooded_box
D:5:      layout_gridville, general_overflow_altar, lemuel_tele_altar,
          minmay_temple_entry_drinking_statues, serial_glass, glass_columns_c,
          glass_columns_a, kennysheep_generic_room_5
D:6:      nicolae_cairo_tiling_large_dashed, layout_rooms,
          mainiacjoe_overflow_boulevard, kennysheep_nondescript,
          serial_park_tiny_pond, uniq_grinder
Temple:   nicolae_temple_figure_eight

Skill      XL: |  1  2  3  4  5 |
---------------+----------------+-----
Armour         | 1 2 |  2.6
Fighting       | 4 |  4.5
Axes           | 3 |  3.3
Shields        | 1 |  1.8
Dodging        | |  1.8
Stealth        | |  6.0

Action                     |  1- 3 |  4- 6 || total
---------------------------+-------+-------++-------
  Melee: Hand axe          |    42 |   171 ||   213
         Punch             |     1 |     2 ||     3
 Invoke: Sacrifice Arcana  |       |     1 ||     1
    Use: Scroll            |     1 |       ||     1
   Stab: Sleeping          |     1 |    11 ||    12
         Distracted        |       |     1 ||     1
 Armour: Ring mail         |    26 |    51 ||    77
  Dodge: Dodged            |    38 |    80 ||   118
  Block: Buckler           |       |    30 ||    30

Table legend: (Time is in decaauts)
 A = Elapsed time spent in this place.
 B = Non-inter-level travel time spent in this place.
 C = Inter-level travel time spent in this place.
 D = Time resting spent in this place.
 E = Time spent auto-exploring this place.
 F = Levels seen in this place.
 G = Mean time per level.
                   A        B        C        D        E       F      G
               +--------+--------+--------+--------+--------+-----+--------+
         Total |   3401 |   2925 |    476 |      0 |   2033 |   7 |  485.9 |
       Dungeon |   3058 |   2725 |    333 |      0 |   1844 |   6 |  509.7 |
        Temple |    343 |    200 |    143 |      0 |    189 |   1 |  343.0 |
               +--------+--------+--------+--------+--------+-----+--------+

Top non-repeatable levels by time:
     D:3: 1170 daAuts
     D:1: 945 daAuts
     D:2: 574 daAuts
  Temple: 343 daAuts
     D:5: 264 daAuts
     D:4: 76 daAuts
     D:6: 27 daAuts
